Saguenéens vs High Goats
Created - 31 janvier 2013 at 08:38
Goals
|
| Saguenéens |
1 |
1 |
0 |
0 |
1 |
3 |
| High Goats |
1 |
0 |
1 |
0 |
0 |
2 |
|
Shots
|
| Saguenéens |
15 |
7 |
11 |
1 |
3 |
34 |
| High Goats |
18 |
10 |
16 |
1 |
3 |
45 |
|
1st period
1. Saguenéens , Pat Dwyer 2 (Henrik Tallinder, Andrew Kozek) at 11:16
2. High Goats , Gilbert Brule 17 (Sami Lepisto, Chris Stewart) at 17:29
Penalties :
Pat Dwyer (Chi) for Interference (Minor) at 5:47
2nd period
3. Saguenéens , Brendan Witt 7 (Dean McAmmond, Michal Grosek) at 11:36 (PP)
Penalties :
Nick Bonino (Buc) for High sticking (Minor) at 6:52, Anton Stralman (Buc) for Holding (Minor) at 11:22, Paul Ranger (Chi) for Tripping (Minor) at 18:10
3rd period
4. High Goats , Mason Raymond 17 (Craig Weller, David Laliberté) at 9:40
Penalties :
Joël Perrault (Buc) for Holding (Minor) at 10:24
Overtime #1
No Goal
Penalties :
No Penalty
Shootout
Penalty Shot by Wade Belak for Saguenéens - Stopped by Jean-Sébastien Aubin
Penalty Shot by Gilbert Brule for High Goats - Stopped by Thomas Greiss
Penalty Shot by Michal Grosek for Saguenéens - Stopped by Jean-Sébastien Aubin
Penalty Shot by Chris Stewart for High Goats - Stopped by Thomas Greiss
Penalty Shot by Dean McAmmond for Saguenéens - Goal!
Penalty Shot by Craig Weller for High Goats - Stopped by Thomas Greiss
Penalties :
No Penalty
Goalie Stats
Thomas Greiss (Chi), 43 saves from 45 shots - (0,956), W, 14-3-2, 65:00 minutes
Jean-Sébastien Aubin (Buc), 32 saves from 34 shots - (0,941), OTL, 6-4-2, 65:00 minutes
Players Stats for Saguenéens
Player Name G A P +/- PIM S H SB GA TA FO MP PP MP PK MP
------------------------------------------------------------------------------------
Andrew Kozek 0 1 1 1 0 2 0 0 0 1 0/0 10:03 0:00 0:33
Billy Sweat 0 0 0 0 0 0 0 0 0 0 0/0 0:00 0:00 0:00
Brad Chartrand 0 0 0 -1 0 2 4 3 2 0 0/0 15:09 1:47 0:00
Brendan Witt 1 0 1 0 0 2 3 1 0 0 0/0 27:06 2:40 2:19
David McIntyre 0 0 0 1 0 0 0 0 0 0 2/4 8:48 0:00 0:00
Dean McAmmond 0 1 1 0 0 2 3 2 0 0 9/23 20:52 2:25 1:06
Denis Bodrov 0 0 0 0 0 1 0 1 0 0 0/0 5:59 0:00 0:00
Derek Joslin 0 0 0 -1 0 0 0 1 0 0 0/0 11:17 0:00 0:42
Dwight King 0 0 0 0 0 0 0 0 0 0 0/0 0:00 0:00 0:00
Henrik Tallinder 0 1 1 0 0 1 1 1 0 1 0/0 21:20 1:32 1:39
Ian Cole 0 0 0 0 0 0 1 1 0 1 0/0 5:59 0:00 0:00
Jim Slater 0 0 0 -1 0 3 0 2 0 0 2/6 13:56 0:00 0:00
Johannes Salmonsson 0 0 0 -1 0 0 1 0 0 1 0/0 13:49 0:00 0:33
Kyle Brodziak 0 0 0 -1 0 0 2 0 0 1 11/17 15:04 1:45 0:00
Michal Grosek 0 1 1 0 0 6 2 1 0 1 1/3 23:45 2:25 2:19
Mike Van Ryn 0 0 0 0 0 3 1 3 0 1 0/0 27:06 2:40 2:19
Nikolai Kulemin 0 0 0 -1 0 3 0 0 1 0 0/1 17:16 1:47 1:06
Pat Dwyer 1 0 1 1 2 2 0 0 0 1 1/1 8:56 0:00 0:00
Patrick McNeill 0 0 0 -1 0 0 1 1 0 3 0/0 10:35 0:00 0:00
Paul Ranger 0 0 0 0 2 0 2 0 0 1 0/0 21:14 1:32 0:57
Tomas Kudelka 0 0 0 0 0 0 0 0 0 0 0/0 0:00 0:00 0:00
Wade Belak 0 0 0 0 0 3 1 2 1 0 4/11 23:45 2:25 2:19
Wayne Simmonds 0 0 0 -1 0 4 1 1 1 0 0/0 14:01 0:02 0:00
Zack Stortini 0 0 0 0 0 0 0 0 0 0 0/0 0:00 0:00 0:00
Players Stats for High Goats
Player Name G A P +/- PIM S H SB GA TA FO MP PP MP PK MP
------------------------------------------------------------------------------------
Anton Stralman 0 0 0 0 2 2 2 3 1 0 0/0 24:19 2:40 1:52
Brad Larsen 0 0 0 1 0 2 3 0 0 0 0/2 22:44 2:31 1:33
Brandon Bollig 0 0 0 0 0 0 0 0 0 0 0/0 0:00 0:00 0:00
Brendon Segal 0 0 0 -1 0 1 0 0 1 0 0/0 13:33 0:00 0:00
Chris Stewart 0 1 1 1 0 1 0 1 0 2 1/2 24:06 2:31 2:28
Craig Weller 0 1 1 1 0 3 0 0 1 0 0/1 16:46 1:27 0:34
Dana Tyrell 0 0 0 0 0 0 0 0 0 0 0/0 0:29 0:00 0:23
David Laliberté 0 1 1 0 0 2 2 0 1 0 0/0 10:18 0:00 0:57
Drayson Bowman 0 0 0 0 0 0 0 0 0 0 0/0 0:00 0:00 0:00
Gilbert Brule 1 0 1 1 0 9 3 0 3 0 20/34 23:55 2:31 2:25
Gord Baldwin 0 0 0 0 0 0 0 1 0 1 0/0 22:06 1:18 2:06
Ivan Vishnevski 0 0 0 1 0 2 0 0 0 0 0/0 14:33 0:00 0:51
Jason Ryznar 0 0 0 -1 0 2 2 3 1 1 0/1 13:53 0:00 0:02
Jiri Tlusty 0 0 0 0 0 0 0 0 0 0 0/0 0:00 0:00 0:00
Joël Perrault 0 0 0 1 2 3 1 0 0 0 9/12 15:45 1:27 0:02
John Erskine 0 0 0 0 0 3 1 1 1 1 0/0 22:06 1:18 2:06
John McCarthy 0 0 0 0 0 2 1 0 0 0 0/0 8:26 0:00 0:00
Mason Raymond 1 0 1 1 0 2 2 1 0 0 0/2 15:24 1:27 0:00
Matt Frattin 0 0 0 0 0 0 0 0 0 0 0/0 0:00 0:00 0:00
Matt Taormina 0 0 0 1 0 4 0 0 0 0 0/0 13:42 0:00 0:00
Nick Bonino 0 0 0 -1 2 2 0 2 0 0 5/8 12:01 0:00 0:00
Petteri Wirtanen 0 0 0 0 0 0 2 0 0 0 1/4 8:26 0:00 0:00
Rhett Rakhshani 0 0 0 0 0 0 0 0 0 0 0/0 0:00 0:00 0:00
Sami Lepisto 0 1 1 0 0 5 3 1 3 0 0/0 28:35 2:40 1:29
Thomas Hickey 0 0 0 0 0 0 0 0 0 0 0/0 4:38 0:00 0:00
3 Stars
1 - Thomas Greiss (Chi)
2 - Gilbert Brule (Buc)
3 - Mason Raymond (Buc)
Power Play
Saguenéens - 1 on 3 Attempt(s) - 33,33%
High Goats - 0 on 2 Attempt(s) - 0,00%
Penalty Kill
Saguenéens - 2 on 2 Attempt(s) - 100,00%
- Score 0 goal in Penalty Kill
High Goats - 2 on 3 Attempt(s) - 66,67%
- Score 0 goal in Penalty Kill
Official
Referees : Kozari Steve and StPierre Justin
Linesman : Ryan Galloway and Dan Schachte
Game Notes
17:29 of 1st period - High Goats goal is going for a video replay. After video review, Goal.
Saguenéens
5 vs 5 Forward
Center Left Wing Right Wing Time % Phy DF OF
1 Dean McAmmond Michal Grosek Wade Belak 40 1 2 2
2 Kyle Brodziak Nikolai Kulemin Brad Chartrand 30 1 2 2
3 Jim Slater Johannes Salmonsson Wayne Simmonds 20 1 2 2
4 David McIntyre Andrew Kozek Pat Dwyer 10 1 2 2
5 vs 5 Defense
Defense Defense Time % Phy DF OF
1 Brendan Witt Mike Van Ryn 40 1 2 2
2 Henrik Tallinder Paul Ranger 30 1 2 2
3 Patrick McNeill Derek Joslin 20 1 2 2
4 Ian Cole Denis Bodrov 10 1 2 2
PowerPlay Forward
Center Left Wing Right Wing Time % Phy DF OF
1 Dean McAmmond Michal Grosek Wade Belak 60 1 2 2
2 Kyle Brodziak Nikolai Kulemin Brad Chartrand 40 1 2 2
PowerPlay Defense
Defense Defense Time % Phy DF OF
1 Brendan Witt Mike Van Ryn 60 1 2 2
2 Henrik Tallinder Paul Ranger 40 1 2 2
Penalty Kill 4 Players Forward
Center Wing Time % Phy DF OF
1 Wade Belak Michal Grosek 60 1 2 2
2 Dean McAmmond Nikolai Kulemin 40 1 2 2
Penalty Kill 4 Players Defense
Defense Defense Time % Phy DF OF
1 Brendan Witt Mike Van Ryn 60 1 2 2
2 Henrik Tallinder Paul Ranger 40 1 2 2
Penalty Kill - 3 Players Forward
Forward Time % Phy DF OF
1 Wade Belak 60 1 2 2
2 Michal Grosek 40 1 2 2
Penalty Kill - 3 Players Defense
Defense Defense Time % Phy DF OF
1 Brendan Witt Mike Van Ryn 60 1 2 2
2 Henrik Tallinder Paul Ranger 40 1 2 2
4 vs 4 Forward
Center Wing Time % Phy DF OF
1 Wade Belak Michal Grosek 60 1 2 2
2 Dean McAmmond Nikolai Kulemin 40 1 2 2
4 vs 4 Defense
Defense Defense Time % Phy DF OF
1 Brendan Witt Mike Van Ryn 60 1 2 2
2 Henrik Tallinder Paul Ranger 40 1 2 2
Last Minutes Offensive
Center Left Wing Right Wing Defense Defense
Dean McAmmond Michal Grosek Wade Belak Brendan Witt Mike Van Ryn
Last Minutes Defensive
Center Left Wing Right Wing Defense Defense
Dean McAmmond Michal Grosek Wade Belak Brendan Witt Mike Van Ryn
Goaltenders
Starting : Thomas Greiss
Backup : James Reimer
Extra Forwards
Normal : Wayne Simmonds, Jim Slater, Johannes Salmonsson - PP : Wayne Simmonds, Jim Slater - PK : Johannes Salmonsson
Extra Defensemen
Normal : Patrick McNeill, Derek Joslin, Ian Cole - PP : Patrick McNeill - PK : Derek Joslin, Ian Cole
Penalty Shots
Wade Belak, Michal Grosek, Dean McAmmond, Nikolai Kulemin, Brad Chartrand
High Goats
5 vs 5 Forward
Center Left Wing Right Wing Time % Phy DF OF
1 Gilbert Brule Brad Larsen Chris Stewart 40 1 2 2
2 Joël Perrault Mason Raymond Craig Weller 30 1 2 2
3 Nick Bonino Jason Ryznar Brendon Segal 20 1 2 2
4 Petteri Wirtanen John McCarthy David Laliberté 10 1 2 2
5 vs 5 Defense
Defense Defense Time % Phy DF OF
1 Sami Lepisto Anton Stralman 40 1 2 2
2 John Erskine Gord Baldwin 30 1 2 2
3 Matt Taormina Ivan Vishnevski 20 1 2 2
4 Thomas Hickey Sami Lepisto 10 1 2 2
PowerPlay Forward
Center Left Wing Right Wing Time % Phy DF OF
1 Gilbert Brule Brad Larsen Chris Stewart 60 1 2 2
2 Joël Perrault Mason Raymond Craig Weller 40 1 2 2
PowerPlay Defense
Defense Defense Time % Phy DF OF
1 Sami Lepisto Anton Stralman 60 1 2 2
2 John Erskine Gord Baldwin 40 1 2 2
Penalty Kill 4 Players Forward
Center Wing Time % Phy DF OF
1 Gilbert Brule Chris Stewart 60 1 2 2
2 Craig Weller Brad Larsen 40 1 2 2
Penalty Kill 4 Players Defense
Defense Defense Time % Phy DF OF
1 Sami Lepisto Anton Stralman 60 1 2 2
2 John Erskine Gord Baldwin 40 1 2 2
Penalty Kill - 3 Players Forward
Forward Time % Phy DF OF
1 Gilbert Brule 60 1 2 2
2 Chris Stewart 40 1 2 2
Penalty Kill - 3 Players Defense
Defense Defense Time % Phy DF OF
1 Sami Lepisto Anton Stralman 60 1 2 2
2 John Erskine Gord Baldwin 40 1 2 2
4 vs 4 Forward
Center Wing Time % Phy DF OF
1 Gilbert Brule Chris Stewart 60 1 2 2
2 Craig Weller Brad Larsen 40 1 2 2
4 vs 4 Defense
Defense Defense Time % Phy DF OF
1 Sami Lepisto Anton Stralman 60 1 2 2
2 John Erskine Gord Baldwin 40 1 2 2
Last Minutes Offensive
Center Left Wing Right Wing Defense Defense
Gilbert Brule Brad Larsen Chris Stewart Sami Lepisto Anton Stralman
Last Minutes Defensive
Center Left Wing Right Wing Defense Defense
Gilbert Brule Brad Larsen Chris Stewart Sami Lepisto Anton Stralman
Goaltenders
Starting : Jean-Sébastien Aubin
Backup : Al Montoya
Extra Forwards
Normal : Jason Ryznar, Brendon Segal, David Laliberté - PP : Jason Ryznar, Brendon Segal - PK : David Laliberté
Extra Defensemen
Normal : Matt Taormina, Ivan Vishnevski, Thomas Hickey - PP : Matt Taormina - PK : Ivan Vishnevski, Thomas Hickey
Penalty Shots
Gilbert Brule, Chris Stewart, Craig Weller, Brad Larsen, Joël Perrault
% Time on Ice - Saguenéens
Lines # - Real PCT - Wanted PCT - Time Play
Normal Forward
1 - 34% - 40% - 17:22
2 - 26% - 30% - 13:22
3 - 24% - 20% - 12:18
4 - 17% - 10% - 8:48
Normal Defense
1 - 38% - 40% - 19:38
2 - 31% - 30% - 16:04
3 - 20% - 20% - 10:09
4 - 12% - 10% - 5:59
PP Forward
1 - 58% - 60% - 2:25
2 - 42% - 40% - 1:47
PP Defense
1 - 63% - 60% - 2:40
2 - 37% - 40% - 1:32
PK Forward
1 - 72% - 60% - 2:52
2 - 28% - 40% - 1:06
PK Defense
1 - 58% - 60% - 2:19
2 - 42% - 40% - 1:39
PK3 Forward
1 - 0% - 60%
2 - 0% - 40%
PK3 Defense
1 - 0% - 60%
2 - 0% - 40%
44 Forward
1 - 80% - 60% - 3:59
2 - 20% - 40% - 1:01
44 Defense
1 - 50% - 60% - 2:29
2 - 50% - 40% - 2:31
Last Minute Offensive - 0:00
Last Minute Defensive - 0:00
Total
Forward - 65:00
Defense - 65:00
|
% Time on Ice - High Goats
Lines # - Real PCT - Wanted PCT - Time Play
Normal Forward
1 - 34% - 40% - 17:29
2 - 27% - 30% - 13:57
3 - 23% - 20% - 11:58
4 - 16% - 10% - 8:26
Normal Defense
1 - 34% - 40% - 17:38
2 - 33% - 30% - 16:52
3 - 25% - 20% - 12:42
4 - 9% - 10% - 4:38
PP Forward
1 - 63% - 60% - 2:31
2 - 37% - 40% - 1:27
PP Defense
1 - 67% - 60% - 2:40
2 - 33% - 40% - 1:18
PK Forward
1 - 87% - 60% - 3:38
2 - 13% - 40% - 0:34
PK Defense
1 - 50% - 60% - 2:06
2 - 50% - 40% - 2:06
PK3 Forward
1 - 0% - 60%
2 - 0% - 40%
PK3 Defense
1 - 0% - 60%
2 - 0% - 40%
44 Forward
1 - 84% - 60% - 4:12
2 - 16% - 40% - 0:48
44 Defense
1 - 63% - 60% - 3:10
2 - 37% - 40% - 1:50
Last Minute Offensive - 0:00
Last Minute Defensive - 0:00
Total
Forward - 65:00
Defense - 65:00
|
Play by Play
1st period
0:01 of 1st period - Gilbert Brule wins face-off versus Dean McAmmond in neutral zone.
0:12 of 1st period - Snap shot by Gilbert Brule.
0:12 of 1st period - Stopped by Thomas Greiss without a rebound.
0:13 of 1st period - Joël Perrault wins face-off versus Kyle Brodziak in Saguenéens zone.
1:03 of 1st period - Snap shot by Gilbert Brule.
1:03 of 1st period - Shot Blocked by Michal Grosek.
1:05 of 1st period - Slapshot by Matt Taormina.
1:05 of 1st period - Stopped by Thomas Greiss without a rebound.
1:06 of 1st period - David McIntyre wins face-off versus Petteri Wirtanen in Saguenéens zone.
1:06 of 1st period - David McIntyre is hit by Sami Lepisto.
1:20 of 1st period - Wrist shot by Sami Lepisto.
1:20 of 1st period - Shot Misses the Net.
1:22 of 1st period - Wrist shot by Sami Lepisto.
1:22 of 1st period - Stopped by Thomas Greiss with a rebound.
1:32 of 1st period - Chris Stewart is hit by Brendan Witt.
1:54 of 1st period - Snap shot by Joël Perrault.
1:54 of 1st period - Shot Misses the Net.
1:56 of 1st period - Wrist shot by Craig Weller.
1:56 of 1st period - Shot Blocked by Brad Chartrand.
2:14 of 1st period - John Erskine is hit by Brad Chartrand and loses puck.
2:21 of 1st period - Kyle Brodziak is hit by Mason Raymond and loses puck.
2:36 of 1st period - Wrist shot by Nikolai Kulemin.
2:36 of 1st period - Stopped by Jean-Sébastien Aubin without a rebound.
2:37 of 1st period - Wade Belak wins face-off versus Brad Larsen in High Goats zone.
2:48 of 1st period - Slapshot by Michal Grosek.
2:48 of 1st period - Deflect By Wade Belak.
2:48 of 1st period - Stopped by Jean-Sébastien Aubin without a rebound.
2:49 of 1st period - Nick Bonino wins face-off versus Jim Slater in High Goats zone.
3:04 of 1st period - Slapshot by Sami Lepisto.
3:04 of 1st period - Deflect By Brendan Witt.
3:04 of 1st period - Stopped by Thomas Greiss with a rebound.
3:14 of 1st period - Gilbert Brule is hit by Michal Grosek and loses puck.
3:21 of 1st period - Wrist shot by Michal Grosek.
3:21 of 1st period - Shot Blocked by Anton Stralman.
3:41 of 1st period - Snap shot by David Laliberté.
3:41 of 1st period - Stopped by Thomas Greiss without a rebound.
3:42 of 1st period - Jim Slater wins face-off versus Petteri Wirtanen in Saguenéens zone.
3:42 of 1st period - Jim Slater is hit by John McCarthy.
4:08 of 1st period - Petteri Wirtanen is hit by Dean McAmmond and loses puck.
4:23 of 1st period - Dean McAmmond is hit by Petteri Wirtanen and loses puck.
4:52 of 1st period - Snap shot by John McCarthy.
4:52 of 1st period - Shot Blocked by Dean McAmmond.
4:54 of 1st period - Backhand shot by Matt Taormina.
4:54 of 1st period - Deflect By Henrik Tallinder.
4:54 of 1st period - Stopped by Thomas Greiss with a rebound.
4:56 of 1st period - Snap shot by John McCarthy.
4:56 of 1st period - Shot Misses the Net.
4:58 of 1st period - Slapshot by Ivan Vishnevski.
4:58 of 1st period - Stopped by Thomas Greiss with a rebound.
5:00 of 1st period - Backhand shot by Ivan Vishnevski.
5:00 of 1st period - Shot Misses the Net.
5:02 of 1st period - Slapshot by Matt Taormina.
5:02 of 1st period - Deflect By David Laliberté.
5:02 of 1st period - Shot Misses the Net.
5:02 of 1st period - Puck is out of play.
5:03 of 1st period - Kyle Brodziak wins face-off versus Gilbert Brule in Saguenéens zone.
5:47 of 1st period - Minor Penalty to Pat Dwyer for Interference.
5:48 of 1st period - Wade Belak wins face-off versus Gilbert Brule in Saguenéens zone.
5:56 of 1st period - Off-side.
5:57 of 1st period - Gilbert Brule wins face-off versus Wade Belak in neutral zone.
6:12 of 1st period - Snap shot by Gilbert Brule.
6:12 of 1st period - Deflect By Brad Larsen.
6:12 of 1st period - Stopped by Thomas Greiss without a rebound.
6:13 of 1st period - Gilbert Brule wins face-off versus Michal Grosek in Saguenéens zone.
6:18 of 1st period - Snap shot by Gilbert Brule.
6:18 of 1st period - Deflect By Wade Belak.
6:18 of 1st period - Shot Misses the Net.
6:18 of 1st period - Puck is out of play.
6:19 of 1st period - Gilbert Brule wins face-off versus Wade Belak in Saguenéens zone.
7:47 of 1st period - Penalty to Pat Dwyer is over, Pat Dwyer is back on ice.
7:50 of 1st period - Brendan Witt is hit by Jason Ryznar and loses puck.
7:55 of 1st period - Snap shot by Jason Ryznar.
7:55 of 1st period - Stopped by Thomas Greiss without a rebound.
7:56 of 1st period - Nick Bonino wins face-off versus Jim Slater in Saguenéens zone.
8:12 of 1st period - Slapshot by Nick Bonino.
8:12 of 1st period - Shot Misses the Net.
8:30 of 1st period - Snap shot by Nick Bonino.
8:30 of 1st period - Shot Blocked by Brendan Witt.
9:02 of 1st period - Snap shot by Brendan Witt.
9:02 of 1st period - Shot Misses the Net.
9:10 of 1st period - Snap shot by Pat Dwyer.
9:10 of 1st period - Shot Misses the Net.
9:12 of 1st period - Wrist shot by Brendan Witt.
9:12 of 1st period - Shot Blocked by Jason Ryznar.
9:14 of 1st period - Slapshot by Mike Van Ryn.
9:14 of 1st period - Deflect By Matt Taormina.
9:14 of 1st period - Stopped by Jean-Sébastien Aubin without a rebound.
9:15 of 1st period - Dean McAmmond wins face-off versus Gilbert Brule in High Goats zone.
9:40 of 1st period - Brad Larsen is hit by Johannes Salmonsson and loses puck.
9:53 of 1st period - Slapshot by Gilbert Brule.
9:53 of 1st period - Stopped by Thomas Greiss with a rebound.
10:05 of 1st period - Slapshot by Chris Stewart.
10:05 of 1st period - Shot Misses the Net.
10:13 of 1st period - Backhand shot by Wayne Simmonds.
10:13 of 1st period - Stopped by Jean-Sébastien Aubin with a rebound.
10:15 of 1st period - Wrist shot by Wayne Simmonds.
10:15 of 1st period - Stopped by Jean-Sébastien Aubin without a rebound.
10:16 of 1st period - Joël Perrault wins face-off versus Kyle Brodziak in High Goats zone.
10:16 of 1st period - Joël Perrault is hit by Brad Chartrand.
10:26 of 1st period - Wrist shot by Mason Raymond.
10:26 of 1st period - Stopped by Thomas Greiss with a rebound.
10:44 of 1st period - Snap shot by John Erskine.
10:44 of 1st period - Shot Blocked by Henrik Tallinder.
10:46 of 1st period - Snap shot by John McCarthy.
10:46 of 1st period - Stopped by Thomas Greiss with a rebound.
10:48 of 1st period - Slapshot by John Erskine.
10:48 of 1st period - Stopped by Thomas Greiss with a rebound.
11:06 of 1st period - Slapshot by Henrik Tallinder.
11:06 of 1st period - Shot Blocked by Nick Bonino.
11:08 of 1st period - Snap shot by Andrew Kozek.
11:08 of 1st period - Shot Blocked by Nick Bonino.
11:10 of 1st period - Snap shot by Paul Ranger.
11:10 of 1st period - Shot Blocked by Anton Stralman.
11:12 of 1st period - Snap shot by Andrew Kozek.
11:12 of 1st period - Shot Blocked by Sami Lepisto.
11:14 of 1st period - Slapshot by Henrik Tallinder.
11:14 of 1st period - Shot Blocked by Jason Ryznar.
11:16 of 1st period - Slapshot by Henrik Tallinder.
11:16 of 1st period - Deflect By Pat Dwyer.
11:16 of 1st period - Goal by Pat Dwyer - Saguenéens : 1 - High Goats : 0.
11:17 of 1st period - Kyle Brodziak wins face-off versus Gilbert Brule in neutral zone.
11:23 of 1st period - Off-side.
11:24 of 1st period - Gilbert Brule wins face-off versus Nikolai Kulemin in neutral zone.
11:57 of 1st period - Snap shot by Chris Stewart.
11:57 of 1st period - Shot Misses the Net.
12:20 of 1st period - Snap shot by Wade Belak.
12:20 of 1st period - Shot Misses the Net.
12:27 of 1st period - Icing by Joël Perrault.
12:28 of 1st period - Joël Perrault wins face-off versus David McIntyre in High Goats zone.
12:59 of 1st period - Slapshot by Dean McAmmond.
12:59 of 1st period - Deflect By Michal Grosek.
12:59 of 1st period - Stopped by Jean-Sébastien Aubin with a rebound.
13:01 of 1st period - Snap shot by Dean McAmmond.
13:01 of 1st period - Shot Blocked by Gord Baldwin.
13:13 of 1st period - Nikolai Kulemin is hit by Petteri Wirtanen and loses puck.
13:42 of 1st period - Slapshot by Jim Slater.
13:42 of 1st period - Stopped by Jean-Sébastien Aubin with a rebound.
13:54 of 1st period - Wrist shot by Dean McAmmond.
13:54 of 1st period - Stopped by Jean-Sébastien Aubin without a rebound.
13:55 of 1st period - Nick Bonino wins face-off versus Dean McAmmond in High Goats zone.
13:55 of 1st period - Nick Bonino is hit by Brendan Witt.
14:03 of 1st period - Slapshot by Nick Bonino.
14:03 of 1st period - Shot Blocked by Wade Belak.
14:05 of 1st period - Slapshot by Ivan Vishnevski.
14:05 of 1st period - Stopped by Thomas Greiss with a rebound.
14:07 of 1st period - Slapshot by Matt Taormina.
14:07 of 1st period - Stopped by Thomas Greiss without a rebound.
14:08 of 1st period - Kyle Brodziak wins face-off versus Gilbert Brule in Saguenéens zone.
14:08 of 1st period - Kyle Brodziak is hit by Anton Stralman.
14:14 of 1st period - Slapshot by Mike Van Ryn.
14:14 of 1st period - Shot Blocked by Anton Stralman.
15:21 of 1st period - Henrik Tallinder is hit by Jason Ryznar and loses puck.
15:50 of 1st period - Nikolai Kulemin is hit by Sami Lepisto and loses puck.
16:38 of 1st period - Icing by Patrick McNeill.
16:39 of 1st period - Gilbert Brule wins face-off versus David McIntyre in Saguenéens zone.
16:48 of 1st period - Snap shot by Gilbert Brule.
16:48 of 1st period - Shot Misses the Net.
16:50 of 1st period - Slapshot by John Erskine.
16:50 of 1st period - Shot Misses the Net.
16:54 of 1st period - Snap shot by Gilbert Brule.
16:54 of 1st period - Stopped by Thomas Greiss without a rebound.
16:55 of 1st period - Joël Perrault wins face-off versus Dean McAmmond in Saguenéens zone.
17:02 of 1st period - Slapshot by Wade Belak.
17:02 of 1st period - Stopped by Jean-Sébastien Aubin without a rebound.
17:03 of 1st period - Joël Perrault wins face-off versus Dean McAmmond in High Goats zone.
17:16 of 1st period - Snap shot by Dean McAmmond.
17:16 of 1st period - Stopped by Jean-Sébastien Aubin without a rebound.
17:17 of 1st period - Gilbert Brule wins face-off versus Kyle Brodziak in High Goats zone.
17:17 of 1st period - Gilbert Brule is hit by Henrik Tallinder.
17:23 of 1st period - Slapshot by Gilbert Brule.
17:23 of 1st period - Shot Misses the Net.
17:25 of 1st period - Slapshot by Sami Lepisto.
17:25 of 1st period - Shot Blocked by Brad Chartrand.
17:27 of 1st period - Slapshot by Sami Lepisto.
17:27 of 1st period - Stopped by Thomas Greiss with a rebound.
17:29 of 1st period - Backhand shot by Gilbert Brule.
17:29 of 1st period - High Goats goal is going for a video replay.
17:29 of 1st period - The goal is good.
17:29 of 1st period - Goal by Gilbert Brule - Saguenéens : 1 - High Goats : 1.
17:30 of 1st period - Michal Grosek wins face-off versus Gilbert Brule in neutral zone.
17:44 of 1st period - Icing by Ian Cole.
17:45 of 1st period - Dean McAmmond wins face-off versus Mason Raymond in Saguenéens zone.
17:50 of 1st period - Slapshot by Michal Grosek.
17:50 of 1st period - Stopped by Jean-Sébastien Aubin with a rebound.
18:03 of 1st period - Snap shot by Michal Grosek.
18:03 of 1st period - Stopped by Jean-Sébastien Aubin with a rebound.
19:02 of 1st period - Slapshot by Mike Van Ryn.
19:02 of 1st period - Deflect By Pat Dwyer.
19:02 of 1st period - Stopped by Jean-Sébastien Aubin without a rebound.
19:03 of 1st period - Pat Dwyer wins face-off versus Gilbert Brule in High Goats zone.
19:10 of 1st period - Slapshot by Henrik Tallinder.
19:10 of 1st period - Shot Misses the Net.
19:12 of 1st period - Wrist shot by Henrik Tallinder.
19:12 of 1st period - Stopped by Jean-Sébastien Aubin without a rebound.
19:13 of 1st period - Kyle Brodziak wins face-off versus Gilbert Brule in High Goats zone.
19:43 of 1st period - Off-side.
19:44 of 1st period - Joël Perrault wins face-off versus Kyle Brodziak in neutral zone.
19:48 of 1st period - Sami Lepisto is hit by Brendan Witt and loses puck.
2nd period
0:01 of 2nd period - Gilbert Brule wins face-off versus Dean McAmmond in neutral zone.
0:04 of 2nd period - Slapshot by Sami Lepisto.
0:04 of 2nd period - Stopped by Thomas Greiss with a rebound.
1:32 of 2nd period - Snap shot by Gilbert Brule.
1:32 of 2nd period - Stopped by Thomas Greiss with a rebound.
1:38 of 2nd period - Wrist shot by Brad Larsen.
1:38 of 2nd period - Stopped by Thomas Greiss with a rebound.
1:40 of 2nd period - Slapshot by Gilbert Brule.
1:40 of 2nd period - Shot Misses the Net.
1:59 of 2nd period - Wrist shot by Nikolai Kulemin.
1:59 of 2nd period - Shot Misses the Net.
2:25 of 2nd period - Wrist shot by John McCarthy.
2:25 of 2nd period - Deflect By Petteri Wirtanen.
2:25 of 2nd period - Shot Blocked by Wayne Simmonds.
2:25 of 2nd period - Puck is out of play.
2:26 of 2nd period - Kyle Brodziak wins face-off versus Gilbert Brule in Saguenéens zone.
2:35 of 2nd period - Nikolai Kulemin is hit by Gilbert Brule and loses puck.
2:42 of 2nd period - Snap shot by Gilbert Brule.
2:42 of 2nd period - Shot Hit the Post.
3:24 of 2nd period - Slapshot by Nick Bonino.
3:24 of 2nd period - Shot Blocked by Jim Slater.
4:02 of 2nd period - Snap shot by Nikolai Kulemin.
4:02 of 2nd period - Stopped by Jean-Sébastien Aubin without a rebound.
4:03 of 2nd period - Kyle Brodziak wins face-off versus Petteri Wirtanen in High Goats zone.
4:04 of 2nd period - Wrist shot by Brad Chartrand.
4:04 of 2nd period - Shot Misses the Net.
5:24 of 2nd period - Wrist shot by Paul Ranger.
5:24 of 2nd period - Shot Blocked by Jason Ryznar.
5:58 of 2nd period - Kyle Brodziak is hit by Brad Larsen and loses puck.
6:52 of 2nd period - Minor Penalty to Nick Bonino for High sticking.
6:53 of 2nd period - Gilbert Brule wins face-off versus Dean McAmmond in High Goats zone.
6:53 of 2nd period - Gilbert Brule is hit by Michal Grosek.
7:19 of 2nd period - Chris Stewart is hit by Kyle Brodziak and loses puck.
7:24 of 2nd period - Snap shot by Nikolai Kulemin.
7:24 of 2nd period - Stopped by Jean-Sébastien Aubin without a rebound.
7:25 of 2nd period - Gilbert Brule wins face-off versus Dean McAmmond in High Goats zone.
8:32 of 2nd period - Gord Baldwin is hit by Brad Chartrand and loses puck.
8:52 of 2nd period - Penalty to Nick Bonino is over, Nick Bonino is back on ice.
9:05 of 2nd period - Snap shot by Craig Weller.
9:05 of 2nd period - Stopped by Thomas Greiss with a rebound.
9:07 of 2nd period - Wrist shot by Joël Perrault.
9:07 of 2nd period - Stopped by Thomas Greiss with a rebound.
9:09 of 2nd period - Wrist shot by Joël Perrault.
9:09 of 2nd period - Stopped by Thomas Greiss without a rebound.
9:10 of 2nd period - David McIntyre wins face-off versus Nick Bonino in Saguenéens zone.
9:27 of 2nd period - Pat Dwyer is hit by Sami Lepisto and loses puck.
10:16 of 2nd period - Gord Baldwin is hit by Wade Belak and loses puck.
10:44 of 2nd period - Icing by Chris Stewart.
10:45 of 2nd period - Nick Bonino wins face-off versus Jim Slater in High Goats zone.
10:49 of 2nd period - Off-side.
10:50 of 2nd period - Nick Bonino wins face-off versus Jim Slater in neutral zone.
11:22 of 2nd period - Minor Penalty to Anton Stralman for Holding.
11:23 of 2nd period - Dean McAmmond wins face-off versus Gilbert Brule in High Goats zone.
11:30 of 2nd period - Snap shot by Michal Grosek.
11:30 of 2nd period - Stopped by Jean-Sébastien Aubin with a rebound.
11:32 of 2nd period - Wrist shot by Dean McAmmond.
11:32 of 2nd period - Shot Misses the Net.
11:34 of 2nd period - Slapshot by Brendan Witt.
11:34 of 2nd period - Stopped by Jean-Sébastien Aubin with a rebound.
11:36 of 2nd period - Slapshot by Brendan Witt.
11:36 of 2nd period - Goal by Brendan Witt - Saguenéens : 2 - High Goats : 1.
11:37 of 2nd period - Dean McAmmond wins face-off versus Gilbert Brule in neutral zone.
12:04 of 2nd period - Sami Lepisto is hit by Kyle Brodziak and loses puck.
12:21 of 2nd period - Wrist shot by Nikolai Kulemin.
12:21 of 2nd period - Shot Misses the Net.
12:23 of 2nd period - Wrist shot by Wayne Simmonds.
12:23 of 2nd period - Stopped by Jean-Sébastien Aubin without a rebound.
12:24 of 2nd period - Jim Slater wins face-off versus Nick Bonino in High Goats zone.
14:03 of 2nd period - Snap shot by Jason Ryznar.
14:03 of 2nd period - Stopped by Thomas Greiss without a rebound.
14:04 of 2nd period - Gilbert Brule wins face-off versus Dean McAmmond in Saguenéens zone.
14:16 of 2nd period - Slapshot by Gilbert Brule.
14:16 of 2nd period - Shot Misses the Net.
15:32 of 2nd period - Icing by Wade Belak.
15:33 of 2nd period - Joël Perrault wins face-off versus Kyle Brodziak in Saguenéens zone.
15:40 of 2nd period - Slapshot by Craig Weller.
15:40 of 2nd period - Shot Blocked by Derek Joslin.
16:02 of 2nd period - Dean McAmmond is hit by Gilbert Brule and loses puck.
16:25 of 2nd period - Slapshot by Mike Van Ryn.
16:25 of 2nd period - Shot Misses the Net.
16:27 of 2nd period - Wrist shot by Andrew Kozek.
16:27 of 2nd period - Stopped by Jean-Sébastien Aubin with a rebound.
16:36 of 2nd period - Off-side.
16:37 of 2nd period - Kyle Brodziak wins face-off versus Joël Perrault in neutral zone.
17:07 of 2nd period - Sami Lepisto is hit by Dean McAmmond and loses puck.
17:44 of 2nd period - Slapshot by David Laliberté.
17:44 of 2nd period - Stopped by Thomas Greiss with a rebound.
17:46 of 2nd period - Slapshot by John Erskine.
17:46 of 2nd period - Stopped by Thomas Greiss without a rebound.
17:47 of 2nd period - Petteri Wirtanen wins face-off versus Dean McAmmond in Saguenéens zone.
17:52 of 2nd period - Wrist shot by John McCarthy.
17:52 of 2nd period - Stopped by Thomas Greiss with a rebound.
17:59 of 2nd period - Off-side.
18:00 of 2nd period - Gilbert Brule wins face-off versus Dean McAmmond in neutral zone.
18:10 of 2nd period - Minor Penalty to Paul Ranger for Tripping.
18:11 of 2nd period - Wade Belak wins face-off versus Brad Larsen in Saguenéens zone.
18:24 of 2nd period - Snap shot by Gilbert Brule.
18:24 of 2nd period - Shot Blocked by Mike Van Ryn.
18:26 of 2nd period - Slapshot by Sami Lepisto.
18:26 of 2nd period - Shot Hit the Post.
18:36 of 2nd period - Michal Grosek is hit by Mason Raymond.
3rd period
0:01 of 3rd period - Gilbert Brule wins face-off versus Wade Belak in neutral zone.
0:06 of 3rd period - Snap shot by Gilbert Brule.
0:06 of 3rd period - Shot Blocked by Mike Van Ryn.
0:08 of 3rd period - Wrist shot by Gilbert Brule.
0:08 of 3rd period - Stopped by Thomas Greiss without a rebound.
0:09 of 3rd period - Chris Stewart wins face-off versus Wade Belak in Saguenéens zone.
0:10 of 3rd period - Penalty to Paul Ranger is over, Paul Ranger is back on ice.
0:10 of 3rd period - Snap shot by Gilbert Brule.
0:10 of 3rd period - Stopped by Thomas Greiss with a rebound.
0:16 of 3rd period - Snap shot by Gilbert Brule.
0:16 of 3rd period - Stopped by Thomas Greiss with a rebound.
0:24 of 3rd period - Slapshot by Brad Larsen.
0:24 of 3rd period - Shot Misses the Net.
0:26 of 3rd period - Slapshot by Sami Lepisto.
0:26 of 3rd period - Shot Misses the Net.
0:28 of 3rd period - Slapshot by Anton Stralman.
0:28 of 3rd period - Shot Blocked by Wade Belak.
0:30 of 3rd period - Snap shot by Gilbert Brule.
0:30 of 3rd period - Stopped by Thomas Greiss with a rebound.
0:42 of 3rd period - Slapshot by Gilbert Brule.
0:42 of 3rd period - Shot Misses the Net.
0:44 of 3rd period - Snap shot by Chris Stewart.
0:44 of 3rd period - Stopped by Thomas Greiss with a rebound.
0:46 of 3rd period - Wrist shot by Sami Lepisto.
0:46 of 3rd period - Deflect By Gilbert Brule.
0:46 of 3rd period - Shot Blocked by Mike Van Ryn.
0:46 of 3rd period - Puck is out of play.
0:47 of 3rd period - Kyle Brodziak wins face-off versus Joël Perrault in Saguenéens zone.
0:52 of 3rd period - Wrist shot by Craig Weller.
0:52 of 3rd period - Shot Blocked by Brad Chartrand.
0:54 of 3rd period - Slapshot by John Erskine.
0:54 of 3rd period - Deflect By Mason Raymond.
0:54 of 3rd period - Shot Blocked by Ian Cole.
0:54 of 3rd period - Puck is out of play.
0:55 of 3rd period - Kyle Brodziak wins face-off versus Mason Raymond in Saguenéens zone.
1:00 of 3rd period - Gord Baldwin is hit by Ian Cole and loses puck.
1:36 of 3rd period - Slapshot by Brad Chartrand.
1:36 of 3rd period - Stopped by Jean-Sébastien Aubin without a rebound.
1:37 of 3rd period - Dean McAmmond wins face-off versus Chris Stewart in High Goats zone.
2:06 of 3rd period - Wrist shot by Nick Bonino.
2:06 of 3rd period - Stopped by Thomas Greiss with a rebound.
2:08 of 3rd period - Slapshot by Anton Stralman.
2:08 of 3rd period - Stopped by Thomas Greiss with a rebound.
2:10 of 3rd period - Slapshot by Sami Lepisto.
2:10 of 3rd period - Stopped by Thomas Greiss without a rebound.
2:11 of 3rd period - Dean McAmmond wins face-off versus Gilbert Brule in Saguenéens zone.
2:18 of 3rd period - Wrist shot by Mike Van Ryn.
2:18 of 3rd period - Stopped by Jean-Sébastien Aubin with a rebound.
3:00 of 3rd period - Petteri Wirtanen is hit by Paul Ranger and loses puck.
3:37 of 3rd period - Wrist shot by Michal Grosek.
3:37 of 3rd period - Shot Misses the Net.
4:05 of 3rd period - Backhand shot by Brendon Segal.
4:05 of 3rd period - Deflect By Nick Bonino.
4:05 of 3rd period - Shot Misses the Net.
4:05 of 3rd period - Puck is out of play.
4:06 of 3rd period - Kyle Brodziak wins face-off versus Gilbert Brule in Saguenéens zone.
4:34 of 3rd period - Snap shot by Mike Van Ryn.
4:34 of 3rd period - Shot Misses the Net.
4:36 of 3rd period - Snap shot by Michal Grosek.
4:36 of 3rd period - Deflect By Wade Belak.
4:36 of 3rd period - Stopped by Jean-Sébastien Aubin with a rebound.
4:42 of 3rd period - Snap shot by Michal Grosek.
4:42 of 3rd period - Shot Misses the Net.
5:19 of 3rd period - Snap shot by Pat Dwyer.
5:19 of 3rd period - Shot Blocked by John Erskine.
5:21 of 3rd period - Slapshot by Denis Bodrov.
5:21 of 3rd period - Stopped by Jean-Sébastien Aubin with a rebound.
5:43 of 3rd period - Snap shot by Gilbert Brule.
5:43 of 3rd period - Shot Blocked by Denis Bodrov.
5:55 of 3rd period - Wrist shot by Wade Belak.
5:55 of 3rd period - Deflect By Michal Grosek.
5:55 of 3rd period - Stopped by Jean-Sébastien Aubin with a rebound.
6:21 of 3rd period - Slapshot by Sami Lepisto.
6:21 of 3rd period - Shot Blocked by Jim Slater.
6:23 of 3rd period - Slapshot by Anton Stralman.
6:23 of 3rd period - Stopped by Thomas Greiss without a rebound.
6:24 of 3rd period - Gilbert Brule wins face-off versus Dean McAmmond in Saguenéens zone.
6:49 of 3rd period - Craig Weller is hit by Brad Chartrand and loses puck.
8:03 of 3rd period - Slapshot by Brad Chartrand.
8:03 of 3rd period - Stopped by Jean-Sébastien Aubin with a rebound.
8:21 of 3rd period - Snap shot by Craig Weller.
8:21 of 3rd period - Stopped by Thomas Greiss with a rebound.
8:49 of 3rd period - Mike Van Ryn is hit by John Erskine and loses puck.
9:05 of 3rd period - Wade Belak is hit by Gilbert Brule and loses puck.
9:40 of 3rd period - Slapshot by Mason Raymond.
9:40 of 3rd period - Goal by Mason Raymond - Saguenéens : 2 - High Goats : 2.
9:41 of 3rd period - Gilbert Brule wins face-off versus Wade Belak in neutral zone.
10:00 of 3rd period - Paul Ranger is hit by Brad Larsen and loses puck.
10:13 of 3rd period - Backhand shot by Brad Chartrand.
10:13 of 3rd period - Deflect By Sami Lepisto.
10:13 of 3rd period - Shot Misses the Net.
10:13 of 3rd period - Puck is out of play.
10:14 of 3rd period - Kyle Brodziak wins face-off versus Craig Weller in High Goats zone.
10:24 of 3rd period - Minor Penalty to Joël Perrault for Holding.
10:25 of 3rd period - Gilbert Brule wins face-off versus Michal Grosek in High Goats zone.
12:24 of 3rd period - Penalty to Joël Perrault is over, Joël Perrault is back on ice.
13:15 of 3rd period - Andrew Kozek is hit by David Laliberté.
13:19 of 3rd period - Andrew Kozek is hit by David Laliberté and loses puck.
14:07 of 3rd period - Slapshot by Jason Ryznar.
14:07 of 3rd period - Deflect By Dean McAmmond.
14:07 of 3rd period - Shot Blocked by Dean McAmmond.
14:07 of 3rd period - Puck is out of play.
14:08 of 3rd period - Dean McAmmond wins face-off versus Nick Bonino in Saguenéens zone.
14:13 of 3rd period - Wrist shot by Nick Bonino.
14:13 of 3rd period - Stopped by Thomas Greiss without a rebound.
14:14 of 3rd period - Gilbert Brule wins face-off versus Kyle Brodziak in Saguenéens zone.
14:17 of 3rd period - Backhand shot by Gilbert Brule.
14:17 of 3rd period - Shot Hit the Post.
14:29 of 3rd period - Snap shot by Nikolai Kulemin.
14:29 of 3rd period - Shot Misses the Net.
14:43 of 3rd period - Slapshot by Wayne Simmonds.
14:43 of 3rd period - Shot Blocked by Mason Raymond.
14:49 of 3rd period - Snap shot by Wayne Simmonds.
14:49 of 3rd period - Stopped by Jean-Sébastien Aubin without a rebound.
14:50 of 3rd period - Joël Perrault wins face-off versus Dean McAmmond in High Goats zone.
15:03 of 3rd period - Snap shot by Michal Grosek.
15:03 of 3rd period - Stopped by Jean-Sébastien Aubin with a rebound.
15:05 of 3rd period - Wrist shot by Henrik Tallinder.
15:05 of 3rd period - Shot Misses the Net.
15:25 of 3rd period - Slapshot by Anton Stralman.
15:25 of 3rd period - Shot Blocked by Patrick McNeill.
15:43 of 3rd period - Snap shot by Jim Slater.
15:43 of 3rd period - Deflect By Jason Ryznar.
15:43 of 3rd period - Stopped by Jean-Sébastien Aubin with a rebound.
15:57 of 3rd period - Slapshot by John Erskine.
15:57 of 3rd period - Stopped by Thomas Greiss without a rebound.
15:58 of 3rd period - Joël Perrault wins face-off versus Dean McAmmond in Saguenéens zone.
16:07 of 3rd period - Wrist shot by Craig Weller.
16:07 of 3rd period - Stopped by Thomas Greiss with a rebound.
16:28 of 3rd period - Nikolai Kulemin is hit by Brad Larsen and loses puck.
17:27 of 3rd period - Wrist shot by Nikolai Kulemin.
17:27 of 3rd period - Shot Blocked by Chris Stewart.
18:19 of 3rd period - Snap shot by Jim Slater.
18:19 of 3rd period - Shot Misses the Net.
18:21 of 3rd period - Slapshot by Jim Slater.
18:21 of 3rd period - Stopped by Jean-Sébastien Aubin with a rebound.
18:33 of 3rd period - Slapshot by Matt Taormina.
18:33 of 3rd period - Shot Misses the Net.
18:35 of 3rd period - Slapshot by Matt Taormina.
18:35 of 3rd period - Stopped by Thomas Greiss with a rebound.
18:37 of 3rd period - Wrist shot by Joël Perrault.
18:37 of 3rd period - Stopped by Thomas Greiss without a rebound.
18:38 of 3rd period - Dean McAmmond wins face-off versus Joël Perrault in Saguenéens zone.
18:38 of 3rd period - Dean McAmmond is hit by Anton Stralman.
18:44 of 3rd period - Snap shot by Michal Grosek.
18:44 of 3rd period - Deflect By Wade Belak.
18:44 of 3rd period - Shot Misses the Net.
18:44 of 3rd period - Puck is out of play.
18:45 of 3rd period - Gilbert Brule wins face-off versus Dean McAmmond in High Goats zone.
19:13 of 3rd period - Icing by Brad Larsen.
19:14 of 3rd period - Gilbert Brule wins face-off versus Wade Belak in High Goats zone.
19:14 of 3rd period - Gilbert Brule is hit by Dean McAmmond.
19:38 of 3rd period - Slapshot by Brendan Witt.
19:38 of 3rd period - Shot Misses the Net.
19:46 of 3rd period - Slapshot by Mike Van Ryn.
19:46 of 3rd period - Deflect By John Erskine.
19:46 of 3rd period - Stopped by Jean-Sébastien Aubin with a rebound.
19:48 of 3rd period - Slapshot by Johannes Salmonsson.
19:48 of 3rd period - Deflect By Jim Slater.
19:48 of 3rd period - Shot Misses the Net.
19:48 of 3rd period - Puck is out of play.
19:49 of 3rd period - Dean McAmmond wins face-off versus Jason Ryznar in High Goats zone.
Overtime #1
0:01 of 1st overtime period - Wade Belak wins face-off versus Gilbert Brule in neutral zone.
0:04 of 1st overtime period - Slapshot by Mike Van Ryn.
0:04 of 1st overtime period - Deflect By Michal Grosek.
0:04 of 1st overtime period - Shot Misses the Net.
0:04 of 1st overtime period - Puck is out of play.
0:05 of 1st overtime period - Gilbert Brule wins face-off versus Wade Belak in High Goats zone.
1:22 of 1st overtime period - Wrist shot by Andrew Kozek.
1:22 of 1st overtime period - Stopped by Jean-Sébastien Aubin with a rebound.
1:54 of 1st overtime period - Anton Stralman is hit by Paul Ranger and loses puck.
2:25 of 1st overtime period - Brendon Segal is hit by Wayne Simmonds and loses puck.
3:29 of 1st overtime period - Brad Larsen is hit by Patrick McNeill and loses puck.
4:06 of 1st overtime period - Wrist shot by Brendon Segal.
4:06 of 1st overtime period - Stopped by Thomas Greiss with a rebound.
4:36 of 1st overtime period - Brendan Witt is hit by Joël Perrault and loses puck.
4:47 of 1st overtime period - Matt Taormina is hit by Mike Van Ryn.
ShootOut
5:00 of 1st overtime period - Penalty Shot by Wade Belak for Saguenéens.
5:00 of 1st overtime period - Deke by Wade Belak.
5:00 of 1st overtime period - Stopped by Jean-Sébastien Aubin.
5:00 of 1st overtime period - Penalty Shot by Gilbert Brule for High Goats.
5:00 of 1st overtime period - Backhand shot by Gilbert Brule.
5:00 of 1st overtime period - Stopped by Thomas Greiss.
5:00 of 1st overtime period - Penalty Shot by Michal Grosek for Saguenéens.
5:00 of 1st overtime period - Snap shot by Michal Grosek.
5:00 of 1st overtime period - Stopped by Jean-Sébastien Aubin.
5:00 of 1st overtime period - Penalty Shot by Chris Stewart for High Goats.
5:00 of 1st overtime period - Snap shot by Chris Stewart.
5:00 of 1st overtime period - Stopped by Thomas Greiss.
5:00 of 1st overtime period - Penalty Shot by Dean McAmmond for Saguenéens.
5:00 of 1st overtime period - Deke by Dean McAmmond.
5:00 of 1st overtime period - Goal by Dean McAmmond.
5:00 of 1st overtime period - Penalty Shot by Craig Weller for High Goats.
5:00 of 1st overtime period - Snap shot by Craig Weller.
5:00 of 1st overtime period - Stopped by Thomas Greiss.
Output by the SimonT Hockey Simulator (STHS) for François Prévost -- Original Page W3C XHTML 1.0 Valid